 Dungeon Crawl Stone Soup version 0.30-a0-605-gb2882149bf (webtiles) character file.

Game seed: 2704958226732212395

192 OTABOTABOTAB the Conjurer (level 5, -1/28 HPs)
             Began as a Deep Elf Conjurer on Jan 8, 2023.
             Slain by a black bear (6 damage)
             ... on level 4 of the Dungeon.
             The game lasted 00:02:38 (2799 turns).

OTABOTABOTAB the Conjurer (Deep Elf Conjurer)       Turns: 2799, Time: 00:02:38

Health: -1/28      AC:  3    Str:  4    XL:     5   Next: 42%
Magic:  10/14      EV: 13    Int: 25    God:
Gold:   195        SH:  0    Dex: 20    Spells: 2/13 levels left

rFire   . . .      SeeInvis .    p - +8 sling of the Moon {heavy, Will- Dex+7}
rCold   . . .      Faith    .    (no shield)
rNeg    . . .      Spirit   .    a - +0 robe
rPois   .          Reflect  .    (no helmet)
rElec   .          Harm     .    (no cloak)
rCorr   .          Rampage  .    (no gloves)
Will    .....                    x - +0 pair of boots
Stlth   ++                       (no amulet)
HPRegen 0.24/turn                (no ring)
MPRegen 0.14/turn                (no ring)

@: no status effects
A: no striking features
a: no special abilities


You were on level 4 of the Dungeon.
You visited 1 branch of the dungeon, and saw 4 of its levels.

You collected 195 gold pieces.

Inventory:

Hand Weapons
 p - the +8 sling of the Moon (weapon) {heavy, Will- Dex+7}
   (You found it on level 2 of the Dungeon)

   Dex:       It affects your dexterity (+7).
   Will:      It decreases your willpower.
Missiles
 s - 26 stones
Armour
 a - a +0 robe (worn)
 x - a +0 pair of boots (worn)
   (You found it on level 3 of the Dungeon)
Magical Staves
 o - a staff of cold {rC+}
   (You found it on level 2 of the Dungeon)
Jewellery
 f - a ring of fire {rF+, rC-}
   (You found it on level 1 of the Dungeon)
 i - an amulet of guardian spirit
   (You found it on level 3 of the Dungeon)
 w - a ring of magical power {MP+9}
   (You found it on level 3 of the Dungeon)
 y - an amulet of faith
   (You found it on level 3 of the Dungeon)
Wands
 j - a wand of polymorph (13)
   (You found it on level 3 of the Dungeon)
Scrolls
 e - 2 scrolls of fog {unknown}
 g - 2 scrolls of magic mapping {unknown}
 h - 4 scrolls of identify {unknown}
 k - a scroll of enchant weapon {unknown}
 l - a scroll of amnesia {unknown}
 m - a scroll of fear {unknown}
 t - 2 scrolls of teleportation {unknown}
 v - a scroll of immolation {unknown}
 z - 2 scrolls of vulnerability {unknown}
 A - a scroll of blinking {unknown}
Potions
 b - 3 potions of flight {unknown}
 c - 2 potions of heal wounds {unknown}
 d - 3 potions of haste {unknown}
 n - a potion of cancellation {unknown}
 q - a potion of degeneration {unknown}
 r - 2 potions of resistance {unknown}
 u - 3 potions of curing {unknown}
 M - 2 potions of magic


   Skills:
 - Level 2.4 Dodging
 - Level 2.4 Stealth
 + Level 4.6 Spellcasting
 * Level 6.2 Conjurations
 + Level 1.8 Hexes
 + Level 1.3 Translocations


You had 2 spell levels left.
You knew the following spells:

 Your Spells              Type           Power      Damage    Failure   Level
a - Magic Dart            Conj           100%       1d8       1%          1
b - Searing Ray           Conj           74%        2d7       1%          2
c - Fulminant Prism       Conj/Hex       13%        3d8       16%         4
x - Iskenderun's Mystic   Conj/Tloc      24%        2d7       19%         4

Your spell library contained the following spells:

 Spells                   Type           Power      Damage    Failure   Level
 Sublimation of Blood     Necr           5%         N/A       13%         2
 Dazzling Flash           Conj/Hex       52%        N/A       4%          3
 Summon Guardian Golem    Hex/Summ       10%        N/A       19%         3
 Irradiate                Conj/Tmut      10%        3d15      54%         5
 Petrify                  Tmut/Erth      5%         N/A       65%         4
 Orb of Destruction       Conj           18%        9d8       99%         7
 Spellforged Servitor     Conj/Summ      10%        N/A       100%        7


Dungeon Overview and Level Annotations

Branches:
Dungeon (4/15)
 Temple: D:4-7

Altars:


Message History

No target in view!
u - 3 fuming emerald potions (gained 2)
You now have 181 gold pieces (gained 8).
Found a stone staircase leading up.
No target in view!
As you open the door, it creaks loudly!
No target in view!
There is an open door here.
You see here a ball python skeleton.
Found an escape hatch in the floor.
No target in view!
There is a stone staircase leading down here.
Items here: )))).
You now have 185 gold pieces (gained 4).
Done exploring.
No target in view!
No target in view!
Done exploring.
No target in view!
Done exploring.
No target in view!
You start putting on your armour.
You continue putting on your +0 pair of boots. x4
You finish putting on your +0 pair of boots.
Done exploring.
Done exploring.
Done exploring.
Done exploring.
(D) Dungeon
Where to? (Enter - D:3, ? - help)
Items here: )))).
There is a stone staircase leading down here.
You climb downwards.
There is a stone staircase leading up here.
z - a scroll labelled BILUQI QOS QEG An endoplasm comes into view.
An endoplasm is nearby!
You shoot a sling bullet. The sling bullet hits the endoplasm!
You kill the endoplasm!
No target in view!
A - a scroll labelled MUFETOH ZAIL You now have 195 gold pieces (gained 10).
t - 2 scrolls labelled VULIHU WODDO (gained 1)
An ufetubus comes into view.
An ufetubus is nearby!
You shoot a sling bullet. The ufetubus shouts!
The sling bullet hits the ufetubus!
You kill the ufetubus!
No target in view!
No target in view!
A dart slug comes into view.
A dart slug is nearby!
A dart slug is nearby!
You shoot a sling bullet.
The sling bullet completely misses the dart slug.
You shoot a sling bullet. The sling bullet hits the dart slug!
You kill the dart slug!
No target in view!
No target in view!
Found a stone staircase leading down.
MP restored: 14
There is a stone staircase leading down here.
z - 2 scrolls labelled BILUQI QOS QEG (gained 1)
You open the door.
A black bear and a kobold come into view.
There are monsters nearby!
You shoot a sling bullet. The sling bullet misses the kobold.
The kobold shouts!
The sling bullet hits the black bear!
The black bear growls angrily.
You hear a bark!
You hear a shout!
The kobold throws a stone.
The stone hits you but does no damage.
You shoot a sling bullet.
The sling bullet closely misses the black bear.
The kobold throws a stone.
The stone misses you.
You shoot a sling bullet.
The sling bullet barely misses the black bear.
The black bear bites you.
The black bear claws you but does no damage. x2
An orc comes into view. It is wielding a +0 dagger.
The black bear bites you. The black bear closely misses you.
The black bear claws you but does no damage.
You take 7 damage, and have 21/28 hp.
MASSIVE DAMAGE!!
Aim: a kobold, wielding a +0 dagger and quivering stones (76% to hit)
The searing ray hits the black bear.
The searing ray hits the kobold.
You kill the kobold! (Press . to maintain the ray.)
The black bear closely misses you.
The black bear claws you but does no damage.
The black bear closely misses you.
You now have 12/14 mp.
The searing ray hits the black bear.
The black bear goes berserk!
You now have 11/14 mp.
The searing ray hits the black bear!
The searing ray misses the orc.
The black bear bites you! The black bear claws you. x2
* * * LOW HITPOINT WARNING * * *
The black bear bites you.
You die...

#..##.#
#.#.####
#..##.# #.#.#
#..##.# #.#.#
#..##.###.#.#
#.........#..
#.##.##########
#.##...........
#.#############
#@# #h# .).
..o.. ......#
.......'
#.......##
#######..


You could see a black bear (berserk) and an orc.

Vanquished Creatures
  A necrophage (D:3)
  A jelly (D:3)
  An adder (D:3)
  An ufetubus (D:4)
  A worm (D:2)
  4 dart slugs
  4 orcs (D:3)
  6 endoplasms
  6 giant cockroaches
  4 goblins
  7 hobgoblins
  11 jackals
  A kobold (D:4)
  2 quokkas
  4 ball pythons
  7 bats
  2 frilled lizards
  2 rats
65 creatures vanquished.

Notes
Turn   | Place    | Note
-------+----------+-------------------------------------------
     0 | D:1      | OTABOTABOTAB the Deep Elf Conjurer began the quest for the
                  | Orb.
     0 | D:1      | Reached XP level 1. HP: 10/10 MP: 6/6
    91 | D:1      | Reached XP level 2. HP: 15/15 MP: 6/8
   426 | D:1      | Found a faded altar of an unknown god.
   553 | D:1      | Reached skill level 5 in Conjurations
  1002 | D:2      | Reached XP level 3. HP: 13/19 MP: 2/10
  1005 | D:2      | Learned a level 2 spell: Searing Ray
  1364 | D:2      | Identified the +8 sling of the Moon {heavy, Will- Dex+7}
  1427 | D:2      | Reached skill level 4 in Spellcasting
  1853 | D:3      | Reached XP level 4. HP: 24/24 MP: 12/12
  1858 | D:3      | Learned a level 4 spell: Fulminant Prism
  1863 | D:3      | Learned a level 4 spell: Iskenderun's Mystic Blast
  2060 | D:3      | Reached skill level 1 in Hexes
  2075 | D:3      | Noticed a necrophage
  2079 | D:3      | Killed a necrophage
  2080 | D:3      | Reached skill level 6 in Conjurations
  2080 | D:3      | Reached skill level 1 in Translocations
  2080 | D:3      | Reached XP level 5. HP: 28/28 MP: 9/13
  2793 | D:4      | Noticed a black bear
  2799 | D:4      | HP: 5/28 [black bear (4)]
  2799 | D:4      | Slain by a black bear

Illustrated notes

Levels and vault maps discovered:
D:1:      minmay_arrival_four_circles, layout_rooms, basic_ecumenical_altar,
          roderic_lattice_a, minmay_misc_feat_square
D:2:      layout_rooms, serial_curves, eino_curves_02, eino_curves_02,
          minmay_pentomino_pile
D:3:      layout_basic
D:4:      layout_basic, chequers_serial_rivers_micro_a

Skill      XL: |  1  2  3  4 |
---------------+-------------+-----
Conjurations   | 5 6 |  6.2
Spellcasting   | 4 |  4.6
Hexes          | 1 |  1.8
Translocations | 1 |  1.3
Dodging        | |  2.4
Stealth        | |  2.4

Action                   |  1- 3 |  4- 6 || total
-------------------------+-------+-------++-------
Melee: Unarmed           |     3 |       ||     3
       Spear             |    12 |       ||    12
 Fire: Sling             |    21 |    30 ||    51
 Cast: Magic Dart        |    57 |       ||    57
       Searing Ray       |       |     2 ||     2
 Stab: Sleeping          |     1 |       ||     1
Armor: Robe              |     4 |     6 ||    10
Dodge: Dodged            |    16 |     9 ||    25

Table legend: (Time is in decaauts)
 A = Elapsed time spent in this place.
 B = Non-inter-level travel time spent in this place.
 C = Inter-level travel time spent in this place.
 D = Time resting spent in this place.
 E = Time spent auto-exploring this place.
 F = Levels seen in this place.
 G = Mean time per level.
                   A        B        C        D        E       F      G
               +--------+--------+--------+--------+--------+-----+--------+
         Total |   2854 |   2739 |    115 |      0 |   2421 |   4 |  713.5 |
       Dungeon |   2854 |   2739 |    115 |      0 |   2421 |   4 |  713.5 |
               +--------+--------+--------+--------+--------+-----+--------+

Top non-repeatable levels by time:
     D:1: 966 daAuts
     D:3: 895 daAuts
     D:2: 766 daAuts
     D:4: 226 daAuts

Table legend:
 A = Kills in this place as a percentage of kills in entire the game.
 B = Kills by you in this place as a percentage of kills by you in the entire game.
 C = Kills by friends in this place as a percentage of kills by friends in the entire game.
 D = Other kills in this place as a percentage of other kills in the entire game.
 E = Experience gained in this place as a percentage of experience gained in the entire game.
 F = Experience gained in this place divided by the number of levels of this place that you have seen.
                   A       B       C       D       E      F
               +-------+-------+-------+-------+-------+----------------------
         Total | 100.0 | 100.0 |   N/A |   N/A | 100.0 |  68.8
       Dungeon | 100.0 | 100.0 |   N/A |   N/A | 100.0 |  68.8
               +-------+-------+-------+-------+-------+----------------------
